| TOP OF THE 1ST |
|
Colorado Springs Sky Sox batting - Pitching for New Orleans Zephyrs : LHP Jeff Tavella
|
|
Pitching: LHP Jeff Tavella
|
|
|
Batting: RHB Orlando Fernandez
|
0-0: Called Strike 0-1: Swinging Strike 0-2: Fly out, F8 (Flyball, 89D, EV 98.8 MPH)
|
|
Batting: LHB Tony Ponce
|
0-0: Ball 1-0: Foul Ball, location: 2F 1-1: Ball 2-1: Ball 3-1: Foul Ball, location: 2F 3-2: SINGLE (Groundball, 56D, EV 103.1 MPH)
|
|
Batting: RHB Bobby Bowman
|
0-0: Ball 1-0: Ball Tony Ponce steals 2nd base (no throw) 2-0: Ball 3-0: Base on Balls
|
|
Batting: RHB George Lundy
|
0-0: Foul Ball, location: 2F 0-1: Foul Ball, location: 2F 0-2: Ball 1-2: Ball 2-2: Foul Ball, location: 2F 2-2: Ball 3-2: Foul Ball, location: 2F 3-2: Grounds into double play, 6-4-3 (Groundball, 6, EV 83.1 MPH)
|
| Top of the 1st over - 0 runs, 1 hit, 0 errors, 1 left on base; Colorado Springs 0 - New Orleans 0 |
| BOTTOM OF THE 1ST |
|
New Orleans Zephyrs batting - Pitching for Colorado Springs Sky Sox : RHP Curtis Gumbs
|
|
Pitching: RHP Curtis Gumbs
|
|
|
Batting: RHB Boof Howell
|
0-0: Bunt missed! 0-1: Ball 1-1: Ball 2-1: Foul Ball, location: 2F 2-2: Foul Ball, location: 2F 2-2: Fly out, F8 (Flyball, 8RM, EV 83.1 MPH)
|
|
Batting: LHB David Doge
|
0-0: Ball 1-0: Fly out, F6 (Popup, 6MS, EV 74.4 MPH)
|
|
Batting: LHB Jose Bregaro
|
0-0: Ball 1-0: Called Strike 1-1: Ball 2-1: SINGLE (Line Drive, 56D, EV 100.6 MPH)
|
|
Batting: RHB Akira Suzuki
|
0-0: Ball 1-0: Called Strike Jose Bregaro steals 2nd base (no throw) 1-1: Called Strike 1-2: Strikes out swinging
|
| Bottom of the 1st over - 0 runs, 1 hit, 0 errors, 1 left on base; Colorado Springs 0 - New Orleans 0 |
| TOP OF THE 2ND |
|
Colorado Springs Sky Sox batting - Pitching for New Orleans Zephyrs : LHP Jeff Tavella
|
|
Batting: LHB Matt Steinke
|
0-0: Ball 1-0: Ball 2-0: Called Strike 2-1: Foul Ball, location: 2F 2-2: Hit by Pitch
|
|
Batting: RHB Mike Manchester
|
0-0: Called Strike 0-1: Swinging Strike 0-2: Ball 1-2: Fly out, F4 (Line Drive, 4, EV 68.1 MPH)
|
|
Batting: LHB Koson Hirai
|
0-0: Ball 1-0: Fly out, F6 (Popup, P, EV 76.2 MPH)
|
|
Batting: RHB R.J. Anchondo
|
0-0: Ball 1-0: Called Strike 1-1: Swinging Strike 1-2: Ground out U3 (Groundball, 3S, EV 63.1 MPH)
|
| Top of the 2nd over - 0 runs, 0 hits, 0 errors, 1 left on base; Colorado Springs 0 - New Orleans 0 |
| BOTTOM OF THE 2ND |
|
New Orleans Zephyrs batting - Pitching for Colorado Springs Sky Sox : RHP Curtis Gumbs
|
|
Batting: LHB Carlos Mosqueda
|
0-0: Ball 1-0: Swinging Strike 1-1: Foul Ball, location: 2F 1-2: Ball 2-2: Fly out, F9 (Flyball, 9LM, EV 76.9 MPH)
|
|
Batting: RHB Torquato Obawole
|
0-0: Ball 1-0: Ground out 1-3 (Groundball, 15, EV 69.4 MPH)
|
|
Batting: RHB Jim Fisher
|
0-0: Swinging Strike 0-1: Ball 1-1: Ball 2-1: Ball 3-1: Ground out 5-3 (Groundball, 5, EV 106.9 MPH)
|
| Bottom of the 2nd over - 0 runs, 0 hits, 0 errors, 0 left on base; Colorado Springs 0 - New Orleans 0 |
| TOP OF THE 3RD |
|
Colorado Springs Sky Sox batting - Pitching for New Orleans Zephyrs : LHP Jeff Tavella
|
|
Batting: RHB Fu-Kang Duan
|
0-0: Called Strike 0-1: Ball 1-1: Foul Ball, location: 2F 1-2: Ball 2-2: Ball 3-2: Foul Ball, location: 2F 3-2: SINGLE (Groundball, 6M, EV 98.8 MPH)
|
|
Batting: RHB Orlando Fernandez
|
0-0: Ball 1-0: Ball 2-0: Ball 3-0: Base on Balls Fu-Kang Duan to second
|
|
Batting: LHB Tony Ponce
|
0-0: Ball 1-0: Ball 2-0: Foul Ball, location: 2F 2-1: Ball 3-1: Foul Ball, location: 2F 3-2: Base on Balls Fu-Kang Duan to third Orlando Fernandez to second
|
|
Batting: RHB Bobby Bowman
|
0-0: Called Strike 0-1: Ball 1-1: Called Strike 1-2: Foul Ball, location: 2F 1-2: Grounds into double play, 5-4-3 (Groundball, 5D, EV 78.1 MPH) Fu-Kang Duan scores Orlando Fernandez to third
|
|
Batting: RHB George Lundy
|
0-0: Ball 1-0: Swinging Strike 1-1: Swinging Strike 1-2: Ball 2-2: Strikes out swinging
|
| Top of the 3rd over - 1 run, 1 hit, 0 errors, 1 left on base; Colorado Springs 1 - New Orleans 0 |
| BOTTOM OF THE 3RD |
|
New Orleans Zephyrs batting - Pitching for Colorado Springs Sky Sox : RHP Curtis Gumbs
|
|
Batting: RHB Gavin Helton
|
0-0: Called Strike 0-1: Ground out 5-3 (Groundball, 5S, EV 88.1 MPH)
|
|
Batting: RHB Ryuki Ogasawara
|
0-0: Called Strike 0-1: Ball 1-1: Ground out 4-3 (Groundball, 34, EV 84.4 MPH)
|
|
Batting: RHB Boof Howell
|
0-0: Called Strike 0-1: Swinging Strike 0-2: SINGLE (Line Drive, 8LS, EV 103.8 MPH)
|
|
Batting: LHB David Doge
|
0-0: Ball Boof Howell is caught stealing 2nd base 2-6
|
| Bottom of the 3rd over - 0 runs, 1 hit, 0 errors, 0 left on base; Colorado Springs 1 - New Orleans 0 |
| TOP OF THE 4TH |
|
Colorado Springs Sky Sox batting - Pitching for New Orleans Zephyrs : LHP Jeff Tavella
|
|
Batting: LHB Matt Steinke
|
0-0: Ball 1-0: Fly out, F7 (Flyball, 78M, EV 91.9 MPH)
|
|
Batting: RHB Mike Manchester
|
0-0: Hit by Pitch
|
|
Batting: LHB Koson Hirai
|
0-0: Fielders Choice at 2nd, 1-6 (Groundball, 13S, EV 62.5 MPH)
|
|
Batting: RHB R.J. Anchondo
|
0-0: Foul Ball, location: 2F 0-1: Ball Koson Hirai steals 2nd base 1-1: Ball 2-1: Ground out 5-3 (Groundball, 56S, EV 85.0 MPH)
|
| Top of the 4th over - 0 runs, 0 hits, 0 errors, 1 left on base; Colorado Springs 1 - New Orleans 0 |
| BOTTOM OF THE 4TH |
|
New Orleans Zephyrs batting - Pitching for Colorado Springs Sky Sox : RHP Curtis Gumbs
|
|
Batting: LHB David Doge
|
0-0: Ball 1-0: Ball 2-0: Called Strike 2-1: Fly out, F7 (Line Drive, 78D, EV 92.5 MPH)
|
|
Batting: LHB Jose Bregaro
|
0-0: Ball 1-0: Ball 2-0: Called Strike 2-1: Swinging Strike 2-2: Foul Ball, location: 2F 2-2: Ball 3-2: Base on Balls
|
|
Batting: RHB Akira Suzuki
|
0-0: Called Strike 0-1: Ball Jose Bregaro steals 2nd base 1-1: Ball 2-1: Ball 3-1: Base on Balls
|
|
Batting: LHB Carlos Mosqueda
|
0-0: Ball 1-0: Ball 2-0: Called Strike 2-1: Ball 3-1: Base on Balls Jose Bregaro to third Akira Suzuki to second
|
|
Batting: RHB Torquato Obawole
|
0-0: Grounds into fielders choice 1-2 (Groundball, 34S, EV 67.5 MPH) Akira Suzuki to third Carlos Mosqueda to second
|
|
Batting: RHB Jim Fisher
|
0-0: Ball 1-0: Swinging Strike 1-1: Foul Ball, location: 2F 1-2: Ground out 4-3 (Groundball, 4, EV 105.0 MPH)
|
| Bottom of the 4th over - 0 runs, 0 hits, 0 errors, 3 left on base; Colorado Springs 1 - New Orleans 0 |
| TOP OF THE 5TH |
|
Colorado Springs Sky Sox batting - Pitching for New Orleans Zephyrs : LHP Jeff Tavella
|
|
Batting: RHB Fu-Kang Duan
|
0-0: Ball 1-0: Called Strike 1-1: Ball 2-1: Foul Ball, location: 2F 2-2: Ball 3-2: Base on Balls
|
|
Batting: RHB Orlando Fernandez
|
0-0: Ball 1-0: Fly out, F8 (Flyball, 8LD, EV 100.6 MPH)
|
|
Batting: LHB Tony Ponce
|
0-0: Ball Fu-Kang Duan steals 2nd base 1-0: Called Strike 1-1: Swinging Strike 1-2: Strikes out looking
|
|
Batting: RHB Bobby Bowman
|
0-0: Ball 1-0: Ground out 5-3 (Groundball, 5, EV 87.5 MPH)
|
| Top of the 5th over - 0 runs, 0 hits, 0 errors, 1 left on base; Colorado Springs 1 - New Orleans 0 |
| BOTTOM OF THE 5TH |
|
New Orleans Zephyrs batting - Pitching for Colorado Springs Sky Sox : RHP Curtis Gumbs
|
|
Batting: RHB Gavin Helton
|
0-0: Fly out, F9 (Flyball, 89M, EV 94.4 MPH)
|
|
Batting: RHB Ryuki Ogasawara
|
0-0: Swinging Strike 0-1: Ball 1-1: Called Strike 1-2: Foul Ball, location: 2F 1-2: Strikes out swinging
|
|
Batting: RHB Boof Howell
|
0-0: Foul Ball, location: 2F 0-1: Ball 1-1: Ground out 1-3 (Groundball, 34S, EV 65.6 MPH)
|
| Bottom of the 5th over - 0 runs, 0 hits, 0 errors, 0 left on base; Colorado Springs 1 - New Orleans 0 |
| TOP OF THE 6TH |
|
Colorado Springs Sky Sox batting - Pitching for New Orleans Zephyrs : LHP Jeff Tavella
|
|
Batting: RHB George Lundy
|
0-0: Ball 1-0: Called Strike 1-1: Swinging Strike 1-2: Ball 2-2: Ball 3-2: Base on Balls
|
|
Batting: LHB Matt Steinke
|
0-0: Foul Ball, location: 2F 0-1: Ball 1-1: Swinging Strike 1-2: Foul Ball, location: 2F 1-2: Strikes out swinging
|
|
Pitching: RHP Giampaolo Nobile
|
|
|
Batting: RHB Mike Manchester
|
0-0: Ground out 5-3 (Groundball, 56S, EV 66.2 MPH) George Lundy to second
|
|
Batting: LHB Koson Hirai
|
0-0: Fly out, F7 (Flyball, 78M, EV 97.5 MPH)
|
| Top of the 6th over - 0 runs, 0 hits, 0 errors, 1 left on base; Colorado Springs 1 - New Orleans 0 |
| BOTTOM OF THE 6TH |
|
New Orleans Zephyrs batting - Pitching for Colorado Springs Sky Sox : RHP Curtis Gumbs
|
|
Pitching: RHP Rusty Pinard
|
|
|
Batting: LHB David Doge
|
0-0: Called Strike 0-1: Ball 1-1: Ball 2-1: Foul Ball, location: 2F 2-2: Foul Ball, location: 2F 2-2: Reached on error, E3 (Groundball, 3S, EV 77.5 MPH)
|
|
Batting: LHB Jose Bregaro
|
0-0: Ball 1-0: Ball 2-0: Called Strike 2-1: Ball 3-1: Fly out, F8 (Flyball, 8RD, EV 107.5 MPH)
|
|
Batting: RHB Akira Suzuki
|
0-0: Ball David Doge steals 2nd base 1-0: Ball 2-0: Called Strike 2-1: Foul Ball, location: 2F 2-2: Foul Ball, location: 2F 2-2: Foul Ball, location: 2F 2-2: Ball 3-2: Strikes out swinging
|
|
Batting: LHB Carlos Mosqueda
|
0-0: Ball 1-0: Called Strike 1-1: Ball 2-1: Ball 3-1: Base on Balls
|
|
Batting: RHB Torquato Obawole
|
0-0: Called Strike 0-1: Ball 1-1: Ball 2-1: Fielders Choice at 2nd, 6-4 (Groundball, 6, EV 99.4 MPH)
|
| Bottom of the 6th over - 0 runs, 0 hits, 1 error, 2 left on base; Colorado Springs 1 - New Orleans 0 |
| TOP OF THE 7TH |
|
Colorado Springs Sky Sox batting - Pitching for New Orleans Zephyrs : RHP Giampaolo Nobile
|
|
Batting: RHB R.J. Anchondo
|
0-0: Ball 1-0: Ground out 6-3 (Groundball, 6, EV 104.4 MPH)
|
|
Batting: RHB Fu-Kang Duan
|
0-0: Foul Ball, location: 2F 0-1: Foul Ball, location: 2F 0-2: Strikes out swinging
|
|
Batting: RHB Orlando Fernandez
|
0-0: Called Strike 0-1: Ball 1-1: Ball 2-1: Foul Ball, location: 2F 2-2: Fly out, F5 (Popup, 56S, EV 90.0 MPH)
|
| Top of the 7th over - 0 runs, 0 hits, 0 errors, 0 left on base; Colorado Springs 1 - New Orleans 0 |
| BOTTOM OF THE 7TH |
|
New Orleans Zephyrs batting - Pitching for Colorado Springs Sky Sox : RHP Rusty Pinard
|
|
Pitching: RHP Nate Dallman
|
|
|
Batting: RHB Jim Fisher
|
0-0: Ball 1-0: Swinging Strike 1-1: Called Strike 1-2: Ball 2-2: Ball 3-2: Foul Ball, location: 2F 3-2: Ground out 4-3 (Groundball, 4, EV 98.8 MPH)
|
|
Batting: RHB Gavin Helton
|
0-0: Called Strike 0-1: Ground out 3-1 (Groundball, 34, EV 88.8 MPH)
|
|
Batting: RHB Ryuki Ogasawara
|
0-0: Ball 1-0: Called Strike 1-1: Ball 2-1: Fly out, F7 (Flyball, 78XD, EV 99.4 MPH)
|
| Bottom of the 7th over - 0 runs, 0 hits, 0 errors, 0 left on base; Colorado Springs 1 - New Orleans 0 |
| TOP OF THE 8TH |
|
Colorado Springs Sky Sox batting - Pitching for New Orleans Zephyrs : RHP Giampaolo Nobile
|
|
Batting: LHB Tony Ponce
|
0-0: Foul Ball, location: 2F 0-1: Ball 1-1: Ball 2-1: Foul Ball, location: 2F 2-2: Foul Ball, location: 2F 2-2: Hit by Pitch
|
|
Batting: RHB Bobby Bowman
|
0-0: Called Strike 0-1: Ball 1-1: Ball 2-1: Ball 3-1: Base on Balls Tony Ponce to second
|
|
Batting: RHB George Lundy
|
0-0: Ball 1-0: Foul Ball, location: 2F 1-1: Ball 2-1: Grounds into double play, 5-4-3 (Groundball, 56D, EV 76.9 MPH) Tony Ponce to third
|
|
Batting: LHB Matt Steinke
|
0-0: Ball 1-0: Called Strike 1-1: Foul Ball, location: 2F 1-2: Foul Ball, location: 2F 1-2: Strikes out swinging
|
| Top of the 8th over - 0 runs, 0 hits, 0 errors, 1 left on base; Colorado Springs 1 - New Orleans 0 |
| BOTTOM OF THE 8TH |
|
New Orleans Zephyrs batting - Pitching for Colorado Springs Sky Sox : RHP Nate Dallman
|
|
Pitching: RHP Freddy Barahona
|
|
|
Now at 1B: Orlando Fernandez
|
|
|
Now at 2B: Ethan McCullough
|
|
|
Batting: RHB Boof Howell
|
0-0: Called Strike 0-1: Ball 1-1: Ball 2-1: Ball 3-1: Swinging Strike 3-2: Foul Ball, location: 2F 3-2: Strikes out swinging
|
|
Batting: LHB David Doge
|
0-0: Ball 1-0: Foul Ball, location: 2F 1-1: Ground out 2-3 (Groundball, 15S, EV 66.2 MPH)
|
|
Batting: LHB Jose Bregaro
|
0-0: Called Strike 0-1: Swinging Strike 0-2: Strikes out swinging
|
| Bottom of the 8th over - 0 runs, 0 hits, 0 errors, 0 left on base; Colorado Springs 1 - New Orleans 0 |
| TOP OF THE 9TH |
|
Colorado Springs Sky Sox batting - Pitching for New Orleans Zephyrs : RHP Giampaolo Nobile
|
|
Pitching: RHP Stefan Snel
|
|
|
Batting: RHB Mike Manchester
|
0-0: Ball 1-0: Called Strike 1-1: Swinging Strike 1-2: Ball 2-2: Fly out, F8 (Flyball, 78S, EV 92.5 MPH)
|
|
Batting: LHB Koson Hirai
|
0-0: Fly out, F8 (Flyball, 78M, EV 81.2 MPH)
|
|
Batting: RHB R.J. Anchondo
|
0-0: Called Strike 0-1: Ball 1-1: Ball 2-1: Swinging Strike 2-2: Ground out 6-3 (Groundball, 6, EV 109.4 MPH)
|
| Top of the 9th over - 0 runs, 0 hits, 0 errors, 0 left on base; Colorado Springs 1 - New Orleans 0 |
| BOTTOM OF THE 9TH |
|
New Orleans Zephyrs batting - Pitching for Colorado Springs Sky Sox : RHP Freddy Barahona
|
|
Pitching: RHP Yasushi Osumi
|
|
|
Batting: RHB Akira Suzuki
|
0-0: SINGLE (Groundball, 34D, EV 111.2 MPH)
|
|
Batting: LHB Carlos Mosqueda
|
0-0: Swinging Strike 0-1: Swinging Strike 0-2: Ball 1-2: Fly out, F9 (Flyball, 89M, EV 87.5 MPH)
|
|
Batting: RHB Torquato Obawole
|
0-0: Ball 1-0: SINGLE (Flyball, 7S, EV 90.6 MPH) Akira Suzuki to second
|
|
Pinch Hitting: SHB Dan Zink
|
0-0: Ball 1-0: Swinging Strike 1-1: Ball 2-1: Foul Ball, location: 2F 2-2: Ball 3-2: Base on Balls Akira Suzuki to third Torquato Obawole to second
|
|
Pinch Hitting: LHB Mike Kara
|
0-0: Called Strike 0-1: Ball 1-1: Ball 2-1: SINGLE (Groundball, 56D, EV 98.8 MPH) Akira Suzuki scores Torquato Obawole to third Dan Zink to second Runner from 3rd tries for Home, SAFE, throw by LF to home
|
| Bottom of the 9th over - 2 runs, 3 hits, 0 errors, 2 left on base; Colorado Springs 1 - New Orleans 2 |
|